 Dungeon Crawl Stone Soup version 0.29.0-4-gdea44cf6ec (webtiles) character file.

Game seed: 9433986613389090267

441 qw the Chopper (level 7, -1/41 HPs)
             Began as a Tengu Warper on Aug 28, 2022.
             Slain by a gnoll
             ... wielding a +0 halberd
             ... led by a gnoll bouda
              (5 damage)
             ... on level 5 of the Dungeon.
             The game lasted 00:00:28 (6459 turns).

qw the Chopper (Tengu Warper)                       Turns: 6459, Time: 00:00:28

Health: -1/41      AC:  9    Str: 14    XL:     7   Next: 2%
Magic:  11/11      EV:  7    Int: 13    God:
Gold:   250        SH:  0    Dex: 13    Spells: 10/10 levels left

rFire   . . .      SeeInvis .   Y - +1 hand axe
rCold   . . .      Faith    .   (no shield)
rNeg    . . .      Spirit   .   k - +0 chain mail
rPois   .          Reflect  .   (helmet restricted)
rElec   .          Harm     .   (no cloak)
rCorr   .          Rampage  .   d - +0 pair of gloves
Will    .....                   (boots unavailable)
Stlth   ..........              (no amulet)
HPRegen 0.13/turn               (no ring)
MPRegen 0.12/turn               (no ring)

@: weakened, flying quickly and evasively, quick
A: beak, talons 3, nimble flight
a: no special abilities


You were on level 5 of the Dungeon.
You visited 1 branch of the dungeon, and saw 5 of its levels.

You collected 250 gold pieces.


Innate Abilities, Weirdness & Mutations

You have a beak for a mouth.
You have claws for feet.
Your magical nature lets you fly swiftly and evasively.


   Skills:
 - Level 3.0 Fighting
 + Level 7.3 Axes
 - Level 1.0 Throwing
 - Level 2.0 Armour
 - Level 2.1 Dodging
 - Level 2.0 Spellcasting
 - Level 2.4 Translocations


You had 10 spell levels left.
You didn't know any spells.
Your spell library contained the following spells:

 Spells                   Type           Power      Damage    Failure   Level
 Blink                    Tloc           14%        N/A       98%         2
 Gell's Gravitas          Tloc           7%         N/A       100%        3
 Lesser Beckoning         Tloc           7%         N/A       100%        3
 Teleport Other           Tloc           7%         N/A       100%        3
 Manifold Assault         Tloc           7%         N/A       100%        5

Inventory:

Hand Weapons
 o - a +0 flail
 Y - a +1 hand axe (weapon)
Armour
 d - a +0 pair of gloves (worn)
 g - a +0 ring mail of fire resistance
 k - a +0 chain mail (worn)
Scrolls
 a - a scroll of identify
Potions
 e - 2 potions of curing
 l - a potion of cancellation
 m - a potion of mutation {unknown}

Dungeon Overview and Level Annotations

Branches:
Dungeon (5/15)
 Temple: D:4-7

Altars:


Message History

6454 ||| DRINKING potion of heal wounds.
You feel much better.
The gnoll shouts!
The gnoll hits you but does no damage. The gnoll misses you.
The scorpion barely misses you. The gnoll hits you but does no damage.
You hit the scorpion.
You kill the scorpion!
You hit the gnoll bouda but do no damage.
You hit the gnoll but do no damage. The gnoll barely misses you.
The gnoll hits you but does no damage. x2
The gnoll bouda completely misses you.
Your Fighting skill increases to level 3!
You have reached level 7!
You hit the gnoll but do no damage.
The gnoll is moderately wounded.
You hit the gnoll bouda but do no damage.
The gnoll barely misses you.
The gnoll hits you from afar with a +0 halberd!
The gnoll hits you from afar with a +0 halberd.
The gnoll bouda gazes fiercely through you!
You feel your attacks grow feeble.
The gnoll bouda hits you with a +0 whip!
You barely miss the gnoll. Your kick misses the gnoll.
Your peck misses the gnoll.
The gnoll is moderately wounded.
You hit the gnoll bouda. The gnoll barely misses you.
The gnoll hits you from afar with a +0 halberd.
The gnoll hits you from afar with a +0 halberd!
You barely miss the gnoll. Your kick misses the gnoll.
The gnoll is moderately wounded.
You hit the gnoll. You barely miss the gnoll bouda.
The gnoll hits you but does no damage. x2; The gnoll hits you with a +0 club.
The gnoll barely misses you. The gnoll bouda closely misses you.
You closely miss the gnoll. You claw the gnoll, but do no damage.
The gnoll is moderately wounded.
You barely miss the gnoll bouda. You hit the gnoll.
The gnoll hits you with a +0 whip.
The gnoll hits you from afar with a +0 halberd.
You die...

.#.# #.#.# #.#.#######
######+###.#.##....###
....../....#..'......##
...........#.##....)..##
...........#.#####.....#
$......g...#.# ###....
.....gg@...#.### ###.^.
......%g.......# .O##)..
.....g.....#.###.Y. ##..
...........#.# #$. #..
...........#.# #######..
.............# #..###'
...........### #....#.
##########.#######......
#.#.....'...!..


You could see a gnoll bouda and 4 gnolls.

Vanquished Creatures
  A phantom (D:4)
  2 scorpions
  A hound (D:4)
  Natasha (D:3)
  An orc wizard (D:4)
  A gnoll (D:5)
  5 adders
  A shadow imp (D:4)
  3 worms
  3 dart slugs
  13 orcs
  3 bats
  9 endoplasms
  3 giant cockroaches
  8 goblins
  6 hobgoblins
  4 jackals (D:1)
  6 quokkas
  6 ball pythons
  4 frilled lizards
  2 kobolds
  8 rats
91 creatures vanquished.

Notes
Turn   | Place    | Note
-------+----------+-------------------------------------------
     0 | D:1      | qw the Tengu Warper began the quest for the Orb.
     0 | D:1      | Reached XP level 1. HP: 12/12 MP: 4/4
     0 | D:1      | 0 ||| qw: Version: 0.1-a-89-g26bdef1
     0 | D:1      | 0 ||| qw: Game counter: 2265
     0 | D:1      | 0 ||| qw: Always use a shield: true
     0 | D:1      | 0 ||| qw: God list: Okawaru
     0 | D:1      | 0 ||| qw: Allow faded altars: false
     0 | D:1      | 0 ||| qw: Do Orc after D:15 true
     0 | D:1      | 0 ||| qw: Do second Lair branch before Depths: true
     0 | D:1      | 0 ||| qw: Lair rune preference: random
     0 | D:1      | 0 ||| qw: Plans: Normal
     0 | D:1      | 0 ||| PLANNING D:1-11
   256 | D:1      | Reached skill level 3 in Axes
   256 | D:1      | Reached XP level 2. HP: 17/17 MP: 6/6
   275 | D:1      | 275 ||| Stepping ~*~*~tactically~*~*~ (stealth).
   578 | D:1      | 578 ||| Stepping ~*~*~tactically~*~*~ (stealth).
   581 | D:1      | 581 ||| Stepping ~*~*~tactically~*~*~ (stealth).
   585 | D:1      | 585 ||| Stepping ~*~*~tactically~*~*~ (stealth).
   586 | D:1      | 586 ||| Stepping ~*~*~tactically~*~*~ (stealth).
   590 | D:1      | 590 ||| Stepping ~*~*~tactically~*~*~ (stealth).
   592 | D:1      | 592 ||| Stepping ~*~*~tactically~*~*~ (stealth).
   602 | D:1      | Reached XP level 3. HP: 17/21 MP: 7/7
   604 | D:1      | 604 ||| Stepping ~*~*~tactically~*~*~ (stealth).
   625 | D:1      | 625 ||| Stepping ~*~*~tactically~*~*~ (stealth).
   626 | D:1      | 626 ||| Stepping ~*~*~tactically~*~*~ (stealth).
   627 | D:1      | 627 ||| Stepping ~*~*~tactically~*~*~ (stealth).
   629 | D:1      | 629 ||| Stepping ~*~*~tactically~*~*~ (stealth).
   641 | D:1      | 641 ||| Stepping ~*~*~tactically~*~*~ (stealth).
   642 | D:1      | 642 ||| Stepping ~*~*~tactically~*~*~ (stealth).
   647 | D:1      | 647 ||| Stepping ~*~*~tactically~*~*~ (stealth).
   651 | D:1      | 651 ||| Stepping ~*~*~tactically~*~*~ (stealth).
   718 | D:1      | 718 ||| DROPPING +0 club.
   926 | D:1      | Reached skill level 4 in Axes
  1014 | D:1      | 1014 ||| Stepping ~*~*~tactically~*~*~ (hiding).
  1066 | D:1      | Found a faded altar of an unknown god.
  1074 | D:1      | 1074 ||| UPGRADING to +0 ring mail of fire resistance.
  1084 | D:1      | 1084 ||| DROPPING +0 leather armour.
  1085 | D:1      | 1085 ||| READING 2 scrolls labelled WOIHECL ODOIN.
  1086 | D:1      | 1086 ||| DROPPING scroll of blinking.
  1126 | D:2      | 1126 ||| STAIRDANCE
  1491 | D:2      | HP: 2/21 [worm (9)]
  2078 | D:2      | Reached XP level 4. HP: 7/26 MP: 8/8
  2078 | D:2      | HP: 6/26 [poisoned by an adder]
  2082 | D:2      | HP: 2/26 [poisoned by an adder]
  2640 | D:2      | 2640 ||| DRINKING 2 purple potions.
  2641 | D:2      | 2641 ||| DRINKING 2 golden potions.
  2642 | D:2      | 2642 ||| DROPPING potion of degeneration.
  2690 | D:3      | 2690 ||| Stepping ~*~*~tactically~*~*~ (hiding).
  3012 | D:3      | 3012 ||| Stepping ~*~*~tactically~*~*~ (hiding).
  3013 | D:3      | 3013 ||| Stepping ~*~*~tactically~*~*~ (hiding).
  3287 | D:3      | Reached skill level 5 in Axes
  3393 | D:3      | Noticed Natasha
  3394 | D:3      | 3394 ||| Stepping ~*~*~tactically~*~*~ (hiding).
  3405 | D:3      | HP: 3/26 [Natasha (7)]
  3406 | D:3      | Killed Natasha
  3826 | D:3      | Gained mutation: Your magical nature lets you fly swiftly
                  | and evasively. [Tengu growth]
  3826 | D:3      | Reached XP level 5. HP: 30/30 MP: 9/9
  3966 | D:3      | 3966 ||| Stepping ~*~*~tactically~*~*~ (stealth).
  3972 | D:3      | 3972 ||| Stepping ~*~*~tactically~*~*~ (stealth).
  4232 | D:3      | 4232 ||| DROPPING +0 mace.
  4295 | D:3      | 4295 ||| UPGRADING to +0 chain mail.
  4305 | D:3      | 4305 ||| READING scroll labelled NUSUMEO SOVVUV.
  4406 | D:3      | 4406 ||| READING scroll labelled BAERCHU JIELO.
  4407 | D:3      | 4407 ||| READING scroll labelled GEWERO NEOMOE.
  4408 | D:3      | 4408 ||| DRINKING 2 bubbling cyan potions.
  4509 | D:3      | 4509 ||| READING 2 scrolls of identify.
  4509 | D:3      | 4509 ||| IDENTIFYING amethyst potion
  4510 | D:3      | 4510 ||| DROPPING potion of ambrosia.
  4511 | D:3      | 4511 ||| DROPPING potion of attraction.
  4713 | D:4      | Reached skill level 6 in Axes
  4967 | D:4      | Reached XP level 6. HP: 21/35 MP: 10/10
  5481 | D:4      | 5481 ||| Stepping ~*~*~tactically~*~*~ (hiding).
  5527 | D:4      | Reached skill level 7 in Axes
  6078 | D:4      | 6078 ||| UPGRADING to +0 pair of gloves.
  6083 | D:4      | 6083 ||| DROPPING +6 ring of intelligence.
  6084 | D:4      | 6084 ||| READING scroll labelled OXOR HIPTAIF MUMOMP.
  6085 | D:4      | 6085 ||| READING scroll labelled HIPOUM GEIKURI.
  6086 | D:4      | 6086 ||| READING 4 scrolls of identify.
  6086 | D:4      | 6086 ||| IDENTIFYING fuming orange potion
  6087 | D:4      | 6087 ||| READING 3 scrolls of identify.
  6087 | D:4      | 6087 ||| IDENTIFYING ruby potion
  6088 | D:4      | 6088 ||| READING 2 scrolls of identify.
  6088 | D:4      | 6088 ||| IDENTIFYING dark potion
  6089 | D:4      | 6089 ||| DROPPING potion of invisibility.
  6090 | D:4      | 6090 ||| Stepping randomly (stuck).
  6091 | D:4      | 6091 ||| Stepping ~*~*~tactically~*~*~ (cloud).
  6381 | D:5      | Entered Level 5 of the Dungeon
  6425 | D:5      | Noticed a two-headed ogre
  6425 | D:5      | Noticed a yak
  6427 | D:5      | Identified the +0 dagger "Tirch" {venom, Drain rF+ Will+++
                  | Int+3}
  6446 | D:5      | Identified the +1 chain mail of Gontinae {Regen+ SInv}
  6453 | D:5      | HP: 6/36 [gnoll/+0 halberd[a gnoll bouda] (5)]
  6454 | D:5      | 6454 ||| DRINKING potion of heal wounds.
  6456 | D:5      | Reached skill level 3 in Fighting
  6456 | D:5      | Reached XP level 7. HP: 37/41 MP: 11/11
  6458 | D:5      | HP: 9/41 [gnoll/+0 club[a gnoll bouda] (5)]
  6459 | D:5      | HP: 4/41 [gnoll/+0 whip[a gnoll bouda] (5)]
  6459 | D:5      | Slain by a gnoll

Levels and vault maps discovered:
D:1:      saegor_arrival_miasma, layout_rooms,
          dilly_ecumenical_altar_fadedgnrine, minmay_tripent
D:2:      layout_basic, hangedman_decor_clover_reticule
D:3:      layout_loops_corners, kennysheep_generic_room_4, uniq_natasha
D:4:      layout_basic
D:5:      layout_basic, lemuel_doored_altar, lightli_corner_chamber

Skill      XL: |  1  2  3  4  5  6 |
---------------+-------------------+-----
Axes           | 3 4 5 6 7 |  7.3
Armour         | 2 |  2.0
Fighting       | 3 |  3.0
Throwing       | |  1.0
Dodging        | |  2.1
Spellcasting   | |  2.0
Translocations | |  2.4

Action                   |  1- 3 |  4- 6 |  7- 9 || total
-------------------------+-------+-------+-------++-------
Melee: Hand axe          |    86 |   176 |     4 ||   266
       Kick              |    22 |    49 |     1 ||    72
       Peck              |    19 |    24 |       ||    43
       Punch             |     2 |       |       ||     2
Throw: Boomerang         |     7 |       |       ||     7
  Use: Scroll            |     1 |     9 |       ||    10
       Potion            |       |     4 |       ||     4
Armor: Leather armour    |     9 |       |       ||     9
       Ring mail         |     5 |    21 |       ||    26
       Chain mail        |       |    31 |     2 ||    33
Dodge: Dodged            |    36 |    82 |     4 ||   122

Table legend:
 A = Non-vault XP
 B = Vault XP
 C = Vault XP percentage of total XP
 D = Non-vault monster count
 E = Vault monster count
 F = Vault count percentage of total count
                 A         B        C        D         E       F
            +---------+---------+-------+---------+---------+-------
      Total |     589 |      42 |   6.7 |      87 |       4 |   4.4
            +---------+---------+-------+---------+---------+-------
        D:1 |      48 |       4 |   7.7 |      26 |       2 |   7.1
        D:2 |      39 |       0 |   0.0 |      12 |       0 |   0.0
        D:3 |      76 |      38 |  33.3 |      24 |       2 |   7.7
        D:4 |     330 |       0 |   0.0 |      22 |       0 |   0.0
        D:5 |      96 |       0 |   0.0 |       3 |       0 |   0.0
            +---------+---------+-------+---------+---------+-------
